 Dungeon Crawl Stone Soup version 0.30-a0-728-gc68057be0a (webtiles) character file.

Game seed: 3303890227881583151

24241 M4edhros the Skirmisher (level 13, -11/83 HPs)
             Began as an Octopode Artificer on Jan 30, 2023.
             Was a Priest of Cheibriados.
             Mangled by a two-headed ogre
             ... wielding a +0 giant club
              (33 damage)
             ... on level 2 of the Orcish Mines.
             The game lasted 00:47:42 (7730 turns).

M4edhros the Skirmisher (Octopode Artificer)        Turns: 7730, Time: 00:47:43

Health: -11/83     AC:  5    Str: 29    XL:     13   Next: 11%
Magic:  3/17       EV: 27    Int: 28    God:    Cheibriados [***...]
Gold:   791        SH:  5    Dex: 22    Spells: 3/12 levels left

rFire   + . .      SeeInvis .    a - +4 triple crossbow of the Silent Majority {drain, rN+ Str+2 Dex-3}
rCold   + . .      Faith    .    (shield currently unavailable)
rNeg    + + .      Spirit   .    (helmet restricted)
rPois   +          Reflect  +    m - amulet of reflection
rElec   .          Harm     .    f - +5 ring of evasion
rCorr   +          Rampage  .    h - ring of resist corrosion
Will    +....                    k - +6 ring of intelligence
Stlth   +++++                    B - ring of protection from cold
HPRegen 0.33/turn                A - +4 ring of protection
MPRegen 0.15/turn                H - +6 ring of strength
                                 D - ring of poison resistance
                                 n - ring "Iciafoz" {Contam rF+ rN+ Will+ Str+2}

@: studying Poison Magic, very slow
A: almost no armour, amphibious, 8 rings, camouflage 1, gelatinous body 1,
(nimble swimmer 1), tentacles
a: Renounce Religion, Bend Time, Temporal Distortion


You were on level 2 of the Orcish Mines.
You worshipped Cheibriados.
Cheibriados was most pleased with you.
You visited 2 branches of the dungeon, and saw 14 of its levels.
You also visited: Gauntlet.

You collected 1061 gold pieces.
You spent 270 gold pieces at shops.

Inventory:

Hand Weapons
 a - the +4 triple crossbow of the Silent Majority (weapon) {drain, rN+ Str+2 Dex-3}
   (You bought it in a shop on level 1 of the Dungeon)

   Str:       It affects your strength (+2).
   Dex:       It affects your dexterity (-3).
   rN:        It protects you from negative energy.
 b - a +1 mace of protection
 e - a +1 sling of electrocution
 g - a +0 quarterstaff
 E - the +2 falchion of the Imbibing Gods {drain, rElec MP-9 Int+3}
   (You found it on level 8 of the Dungeon)

   Int:       It affects your intelligence (+3).
   rElec:     It insulates you from electricity.
   MP:        It affects your magic capacity (-9).
 M - the +8 shortbow "Venoaxku" {freeze, rF++ Will++ Int-3}
   (You found it in a Gauntlet)

   Int:       It affects your intelligence (-3).
   rF:        It greatly protects you from fire.
   Will:      It greatly increases your willpower.
Missiles
 o - 6 javelins
 q - 24 poisoned darts
 r - 7 throwing nets
 O - 5 silver javelins
Armour
 s - a +0 kite shield
Jewellery
 f - a +5 ring of evasion (left tentacle)
 h - a ring of resist corrosion (right tentacle)
 k - a +6 ring of intelligence (on tentacle)
 m - an amulet of reflection (around mantle)
 n - the ring "Iciafoz" (on tentacle) {Contam rF+ rN+ Will+ Str+2}
   (You found it in a Gauntlet)

   [ring of positive energy]

   Str:       It affects your strength (+2).
   rF:        It protects you from fire.
   rN:        It protects you from negative energy.
   Contam:    It causes magical contamination when unequipped.
   Will:      It increases your willpower.
 A - a +4 ring of protection (on tentacle)
 B - a ring of protection from cold (on tentacle)
 D - a ring of poison resistance (on tentacle)
 H - a +6 ring of strength (on tentacle)
 N - a ring of flight
Wands
 d - a wand of iceblast (4)
 w - a wand of flame (12)
 C - a wand of roots (7)
 J - a wand of digging (10)
 L - a wand of paralysis (3)
 Q - a wand of polymorph (1)
Scrolls
 j - 3 scrolls of vulnerability
 z - a scroll of brand weapon
 G - a scroll of acquirement {unknown}
 I - a scroll of immolation
Potions
 i - a potion of resistance
 p - 2 potions of magic
 u - a potion of lignification
 v - a potion of invisibility {unknown}
 x - a potion of brilliance
 F - a potion of mutation
 K - a potion of berserk rage
Miscellaneous
 y - a lightning rod (3/4)
 P - a condenser vane


   Skills:
 - Level 6.1 Fighting
 - Level 14.0 Ranged Weapons
 + Level 11.0 Dodging
 - Level 7.0 Stealth
 - Level 5.0 Hexes
 - Level 7.0 Summonings
 - Level 6.0 Invocations
 - Level 3.2 Evocations


You had 3 spell levels left.
You knew the following spells:

 Your Spells              Type           Power      Damage    Failure   Level
a - Summon Guardian Gole  Hex/Summ       33%        N/A       2%          3
b - Call Canine Familiar  Summ           39%        N/A       1%          3
c - Dazzling Flash        Conj/Hex       28%        N/A       12%         3

Your spell library contained the following spells:

 Spells                   Type           Power      Damage    Failure   Level
 Summon Small Mammal      Summ           100%       N/A       1%          1
 Shock                    Conj/Air       0%         1d3       11%         1
 Swiftness                Air            0%         N/A       32%         3
 Anguish                  Hex/Necr       7%         N/A       36%         4
 Airstrike                Air            0%         2d(0-16)  73%         4
 Silence                  Hex/Air        7%         N/A       73%         5
 Agony                    Necr           0%         N/A       97%         5
 Enfeeble                 Hex            14%        N/A       100%        7


Dungeon Overview and Level Annotations

Branches:
Dungeon (12/15)            Temple (0/1) D:7            Lair (0/5) D:10
    Orc (2/2) D:9             Elf (0/3) Orc:2       Gauntlet (visited)

Altars:
Ashenzari
Cheibriados
Elyvilon
Gozag
Qazlal
Trog
Vehumet
Yredelemnul

Shops:
D:1 [?!(   D:2 *   D:5 *   D:7 (   Orc:2 (


Innate Abilities, Weirdness & Mutations

You cannot wear most types of armour.
You are amphibious.
You can wear up to eight rings at the same time.
Your skin changes colour to match your surroundings (Stealth+).
Your rubbery body absorbs attacks. (AC +1, EV +1)
((You are camouflaged when in or above water. (Stealth+)))
You have tentacles for arms and can constrict up to eight enemies at once.


Message History

Cheibriados appreciates the change of pace.
You can no longer inflict damage on those overly hasty.
Cheibriados lowers the support of your attributes as your movement quickens.
The two-headed ogre completely misses you.
The two-headed ogre misses you.
Your guardian golem overheats!
Your lightning rod (3/4) has regained one charge.
Your condenser vane has recharged.
Your Dodging skill increases to level 11!
Fire: a) +4 triple crossbow of the Silent Majority {drain, rN+ Str+2 Dex-3}
Press: ? - help, Q - select action, (/) - cycle Shift-Dir - straight line, f - two-headed ogre
Aim: a two-headed ogre, wielding a +0 giant club and a +0 dire flail (severely wounded, ally target, 82% to hit)
You shoot a bolt.
The bolt barely misses the two-headed ogre.
The two-headed ogre completely misses you.
The two-headed ogre hits you with a +0 dire flail.
The two-headed ogre attacks as you move away!
The two-headed ogre hits you with a +0 giant club!!
* * * LOW HITPOINT WARNING * * *
The two-headed ogre barely misses you.
Okay, then.
Okay, then.
Okay, then.
Okay, then.
Aiming: Thunderbolt
Press: ? - help, Shift-Dir - straight line, f/p - two-headed ogre
Aim: a two-headed ogre, wielding a +0 giant club and a +0 dire flail (heavily wounded, ally target)
Okay, then.
Okay, then.
Okay, then.
Okay, then.
Aiming: Paralyse
Press: ? - help, Shift-Dir - straight line, f/p - two-headed ogre
Aim: a two-headed ogre, wielding a +0 giant club and a +0 dire flail (heavily wounded, ally target, chance to affect: 39%)
Okay, then.
Okay, then.
Okay, then.
You feel better.
The two-headed ogre hits you with a +0 giant club!!
You die...

.........###)...#..#
..).$............†.#
.....)......$......#
..†).....)....)....
...#....##...)..# ..
###.####...).# # ##
##[#.### #...9O.##
##....@..#
#...#.#.## ##.######
###


You could see a two-headed ogre (ally target) and a friendly guardian golem
(summoned, inner flame).

Vanquished Creatures
  An orc warlord (Orc:1)
  Nessos (Orc:2)
  A minotaur (Gauntlet)
  Josephine (D:10)
  A boulder beetle (D:11)
  3 two-headed ogres
  An orc high priest (Orc:2)
  Nergalle (D:10)
  A sixfirhy (Gauntlet)
  A wizard (D:12)
  A necromancer (Gauntlet)
  2 cyclopes
  3 orc knights
  2 ugly things (D:12)
  An orc sorcerer (Orc:1)
  An oklob plant (Gauntlet)
  Maggie (D:6)
  A komodo dragon (D:10)
  3 trolls
  Prince Ribbit (D:9)
  3 hornets
  4 wraiths
  8 yaks
  A vampire (D:12)
  3 vampire mosquitoes (D:12)
  Grum (D:5)
  Edmund (D:6)
  4 wargs
  A two-headed ogre zombie (D:9)
  An acid dragon (shapeshifter) (D:11)
  3 acid dragons
  A water moccasin (D:7)
  A sky beast (D:7)
  15 orc warriors
  An ogre (Orc:1)
  A black bear (D:5)
  2 centaurs
  9 wolves
  2 phantoms (D:5)
  A kobold brigand (D:8)
  Blork the orc (D:6)
  2 bullfrogs
  2 scorpions
  2 gnoll sergeants (D:5)
  14 wights
  A troll zombie (D:9)
  5 electric eels (D:10)
  A howler monkey (D:6)
  14 hounds
  2 jellies
  A gnoll bouda (D:5)
  10 orc priests
  3 iguanas (D:7)
  13 orc wizards
  4 ogre zombies (D:9)
  24 gnolls
  8 adders
  A shadow imp (D:8)
  A white imp (D:6)
  2 ufetubi (Gauntlet)
  3 dart slugs
  2 worms
  39 orcs
  8 ball pythons
  7 bats
  5 endoplasms
  2 giant cockroaches
  12 goblins
  7 hobgoblins
  10 jackals
  2 quokkas
  2 frilled lizards
  A goblin skeleton (D:9)
  2 goblin zombies (D:9)
  2 hobgoblin skeletons (D:9)
  A hobgoblin zombie (D:9)
  12 kobolds
  15 orc zombies (D:9)
  5 rats
339 creatures vanquished.

Vanquished Creatures (collateral kills)
  A wight (D:4)
  An ogre zombie (D:9)
  A hobgoblin zombie (D:9)
  A kobold (D:4)
  An orc skeleton (D:9)
  2 orc zombies (D:9)
7 creatures vanquished.

Vanquished Creatures (others)
  An orc knight (Orc:2)
  2 orc sorcerers (Orc:2)
  2 shadows (D:9)
  A warg (Orc:2)
  An orc warrior (Orc:1)
  A wight (D:4)
  A troll zombie (D:9)
  An orc (Orc:1)
  3 plants (Gauntlet)
13 creatures vanquished.

Grand Total: 359 creatures vanquished

Notes
Turn   | Place    | Note
-------+----------+-------------------------------------------
     0 | D:1      | M4edhros the Octopode Artificer began the quest for the
                  | Orb.
     0 | D:1      | Reached XP level 1. HP: 13/13 MP: 1/1
    78 | D:1      | Found Dizittesk's Antique Weapon Shoppe.
   208 | D:1      | Reached skill level 1 in Ranged Weapons
   232 | D:1      | Reached XP level 2. HP: 18/18 MP: 2/2
   412 | D:1      | Reached skill level 2 in Ranged Weapons
   424 | D:1      | Reached XP level 3. HP: 16/23 MP: 3/3
   507 | D:1      | Found Titig's Armour Shoppe.
   550 | D:1      | Found Tonu's Magic Scroll Boutique.
   725 | D:1      | Found Qiehum Archi's Distillery.
  1123 | D:2      | Reached XP level 4. HP: 25/28 MP: 4/4
  1183 | D:2      | Found Nyehi's General Store.
  1271 | D:2      | Reached skill level 3 in Ranged Weapons
  1970 | D:4      | Found a white marble altar of Elyvilon.
  1974 | D:4      | Found a radiant altar of Vehumet.
  2025 | D:4      | Reached skill level 4 in Ranged Weapons
  2025 | D:4      | Reached XP level 5. HP: 33/33 MP: 5/5
  2106 | D:4      | Found a snail-covered altar of Cheibriados.
  2114 | D:4      | Became a worshipper of Cheibriados the Contemplative
  2427 | D:4      | Reached XP level 6. HP: 38/38 MP: 6/6
  2520 | D:5      | Entered Level 5 of the Dungeon
  2527 | D:5      | Reached skill level 5 in Stealth
  2555 | D:5      | Reached skill level 5 in Ranged Weapons
  2635 | D:5      | Reached * piety under Cheibriados
  2641 | D:5      | Found Kehekhluo's General Store.
  2662 | D:5      | Reached XP level 7. HP: 41/43 MP: 7/7
  2706 | D:5      | Noticed Grum
  2731 | D:5      | Killed Grum
  2732 | D:5      | Reached skill level 6 in Ranged Weapons
  2804 | D:5      | HP: 2/43 [poisoned by a scorpion]
  2977 | D:5      | Reached skill level 7 in Ranged Weapons
  2977 | D:5      | Reached XP level 8. HP: 47/48 MP: 8/8
  3295 | D:5      | Reached ** piety under Cheibriados
  3425 | D:5      | Paralysed by a gnoll for 5 turns
  3585 | D:5      | Reached skill level 8 in Ranged Weapons
  3760 | D:5      | Found an opulent altar of Gozag.
  3849 | D:5      | Found a stormy altar of Qazlal.
  3960 | D:1      | Bought a jewelled triple crossbow for 270 gold pieces
  3960 | D:1      | Identified the +4 triple crossbow of the Silent Majority
                  | {drain, rN+ Str+2 Dex-3} (You bought it in a shop on level
                  | 1 of the Dungeon)
  4120 | D:6      | Noticed Maggie
  4144 | D:6      | Your ally Maggie died
  4145 | D:6      | Reached XP level 9. HP: 57/58 MP: 9/9
  4186 | D:6      | Noticed Edmund
  4193 | D:6      | Killed Edmund
  4194 | D:6      | Reached skill level 9 in Ranged Weapons
  4217 | D:6      | Noticed Blork the orc
  4218 | D:6      | Killed Blork the orc
  4236 | D:6      | Found a bloodstained altar of Trog.
  4241 | D:6      | Found a basalt altar of Yredelemnul.
  4265 | D:6      | Learned a level 3 spell: Summon Guardian Golem
  4298 | D:6      | Reached *** piety under Cheibriados
  4386 | D:7      | Reached skill level 1 in Summonings
  4504 | D:7      | Reached skill level 5 in Dodging
  4517 | D:7      | Found Jixzuxuc's Antique Weapon Shop.
  4571 | D:7      | Found a staircase to the Ecumenical Temple.
  4664 | D:8      | Learned a level 3 spell: Call Canine Familiar
  4675 | D:8      | Reached **** piety under Cheibriados
  4977 | D:8      | Identified the +2 falchion of the Imbibing Gods {drain,
                  | rElec MP-9 Int+3}
  5128 | D:8      | Reached skill level 10 in Ranged Weapons
  5128 | D:8      | Reached XP level 10. HP: 65/65 MP: 10/10
  5198 | D:9      | Noticed Prince Ribbit
  5205 | D:9      | Killed Prince Ribbit
  5206 | D:9      | Reached skill level 5 in Fighting
  5209 | D:9      | Noticed a cyclops
  5211 | D:9      | Killed a cyclops
  5250 | D:9      | Reached ***** piety under Cheibriados
  5253 | D:9      | Found a staircase to the Orcish Mines.
  5380 | D:9      | Reached skill level 5 in Summonings
  5431 | D:10     | Entered Level 10 of the Dungeon
  5596 | D:10     | Found a staircase to the Lair.
  5608 | D:10     | Reached skill level 11 in Ranged Weapons
  5623 | D:10     | Noticed Nergalle
  5627 | D:10     | Noticed a spectral orc warlord
  5629 | D:10     | Killed Nergalle
  5844 | D:10     | Found a broken altar of Ashenzari.
  5872 | D:9      | Reached XP level 11. HP: 56/72 MP: 11/11
  5898 | D:10     | Reached skill level 1 in Invocations
  5929 | D:10     | Noticed a two-headed ogre
  5935 | D:10     | Killed a two-headed ogre
  5936 | D:10     | Reached skill level 1 in Hexes
  5955 | D:10     | Noticed Josephine
  6038 | D:10     | Killed Josephine
  6155 | D:11     | Noticed a cyclops
  6157 | D:11     | Killed a cyclops
  6164 | D:11     | Noticed a boulder beetle
  6166 | D:11     | Killed a boulder beetle
  6169 | D:11     | Noticed a two-headed ogre
  6174 | D:11     | Killed a two-headed ogre
  6230 | D:11     | Found a gate leading to a gauntlet.
  6235 | Gauntlet | Entered a Gauntlet
  6235 | Gauntlet | Noticed a catoblepas
  6235 | Gauntlet | Noticed an oklob plant
  6235 | Gauntlet | Found a transporter.
  6235 | Gauntlet | Found a transporter.
  6235 | Gauntlet | Found a transporter.
  6244 | Gauntlet | Found a transporter.
  6253 | Gauntlet | Noticed a necromancer
  6259 | Gauntlet | Found a transporter.
  6270 | Gauntlet | Found a transporter.
  6280 | Gauntlet | Found a transporter.
  6297 | Gauntlet | Noticed a catoblepas
  6310 | Gauntlet | Found a transporter.
  6315 | Gauntlet | Noticed a sixfirhy
  6316 | Gauntlet | Found a transporter.
  6332 | Gauntlet | Found a transporter.
  6336 | Gauntlet | Noticed a fire crab
  6353 | Gauntlet | Found a transporter.
  6357 | Gauntlet | Found a transporter.
  6507 | Gauntlet | Killed an oklob plant
  6508 | Gauntlet | Reached skill level 12 in Ranged Weapons
  6522 | Gauntlet | Reached skill level 5 in Invocations
  6523 | Gauntlet | Killed a necromancer
  6535 | Gauntlet | Identified the +8 shortbow "Venoaxku" {freeze, rF++ Will++
                  | Int-3}
  6571 | Gauntlet | Killed a sixfirhy
  6575 | Gauntlet | Identified the ring "Iciafoz" {Contam rF+ rN+ Will+ Str+2}
  6610 | Gauntlet | Identified the +5 flail "Heshaw" {freeze, Drain Will+
                  | Dex+4}
  6610 | Gauntlet | Noticed a minotaur
  6625 | Gauntlet | Killed a minotaur
  6626 | Gauntlet | Reached XP level 12. HP: 44/79 MP: 6/16
  6884 | D:12     | Noticed a two-headed ogre
  6893 | D:12     | Killed a two-headed ogre
  6894 | D:12     | Reached skill level 13 in Ranged Weapons
  6990 | D:12     | Learned a level 3 spell: Dazzling Flash
  7184 | Orc:1    | Entered Level 1 of the Orcish Mines
  7290 | Orc:1    | Noticed an orc warlord
  7309 | Orc:1    | Noticed a soul eater
  7322 | Orc:1    | Killed an orc warlord
  7481 | Orc:2    | Entered Level 2 of the Orcish Mines
  7481 | Orc:2    | Found a staircase to the Elven Halls.
  7604 | Orc:2    | Reached skill level 14 in Ranged Weapons
  7636 | Orc:2    | Noticed an orc high priest
  7639 | Orc:2    | Killed an orc high priest
  7664 | Orc:2    | Reached skill level 5 in Hexes
  7693 | Orc:2    | Reached skill level 10 in Dodging
  7694 | Orc:2    | Reached XP level 13. HP: 80/83 MP: 13/17
  7698 | Orc:2    | Found Cymoef's Weapon Emporium.
  7725 | Orc:2    | Noticed Nessos
  7727 | Orc:2    | Killed Nessos
  7730 | Orc:2    | Mangled by a two-headed ogre

Illustrated notes

Levels and vault maps discovered:
D:1:      lightli_arrival_isolated_outpost, layout_basic, serial_shops, shop,
          nicolae_shop_advertising_works [nicolae_subvault_shop_adworks], shop,
          shop
D:2:      layout_basic, serial_shops, shop
D:3:      layout_loops_ring
D:4:      layout_rooms, mainiacjoe_overflow_surrounded_room,
          grunt_temple_overflow_open
D:5:      layout_cave_pools, lemuel_coloured_pillars_altar, marbit_many_paths,
          serial_gnoll_camp, gnoll_camp_mini_doghouse, gnoll_camp_huts_moat,
          grums_kennel, gnoll_camp_mini_shop
D:6:      layout_cave_pools, mainiacjoe_overflow_big_doors, uniq_blork_the_orc,
          uniq_maggie, uniq_edmund
D:7:      layout_rooms, minmay_temple_entry_trees, serial_shops,
          nicolae_shop_stone, enter_bailey_4, minmay_statues_item
D:8:      layout_layer_cave
D:9:      layout_irregular_city, mainiacjoe_overflow_concentric_impassable,
          kennysheep_little_box, zombieorc2_lemuel, gammafunk_ghost_split,
          uniq_grum, uniq_erica, uniq_pikel, uniq_prince_ribbit1
D:10:     layout_cave_pods, cheibrodos_ashenzari_chains, erik_lair_island,
          uniq_josephine, uniq_nergalle
D:11:     layout_basic, gauntlet_entry_generic
D:12:     layout_gridville
Orc:1:    layout_diamond_mine, nicolae_orc_lava_room
Orc:2:    grunt_orc_tribal_feast, layout_diamond_mine, guppyfry_orc_lava_fort,
          uniq_nessos

Skill      XL: |  1  2  3  4  5  6  7  8  9 10 11 12 13 |
---------------+----------------------------------------+-----
Ranged Weapons | 1 2 4 5 7 8 10 11 12 14 | 14.0
Stealth        | 2 3 4 5 7 |  7.0
Fighting       | 3 4 6 |  6.1
Dodging        | 4 5 6 7 10 11 | 11.0
Summonings     | 3 6 7 |  7.0
Invocations    | 6 |  6.0
Hexes          | 3 5 |  5.0
Evocations     | |  3.2

Action                     |  1- 3 |  4- 6 |  7- 9 | 10-12 | 13-15 || total
---------------------------+-------+-------+-------+-------+-------++-------
  Melee: Unarmed           |    11 |    11 |       |       |       ||    22
         Constrict         |     4 |    22 |    49 |    12 |       ||    87
         Tentacles         |     1 |    18 |    45 |    14 |       ||    78
         Mace              |       |    53 |   148 |    39 |       ||   240
   Fire: Sling             |   125 |    64 |     5 |       |       ||   194
         Triple crossbow   |       |       |    69 |   270 |    12 ||   351
  Throw: Dart              |       |       |       |     3 |       ||     3
   Cast: Summon Guardian G |       |       |       |    11 |     1 ||    12
         Call Canine Famil |       |       |       |     6 |       ||     6
 Invoke: Slouch            |       |       |       |     9 |     3 ||    12
  Evoke: Wand              |       |     6 |    11 |    10 |     1 ||    28
         Lightning rod     |       |       |       |     5 |       ||     5
         Condenser vane    |       |       |       |     1 |       ||     1
    Use: Scroll            |       |     8 |     6 |    12 |     1 ||    27
         Potion            |       |       |     2 |     6 |     3 ||    11
   Stab: Sleeping          |     1 |     6 |     2 |       |       ||     9
         Betrayed ally     |       |       |     1 |       |       ||     1
 Armour: Skin              |     5 |    18 |    38 |    22 |     1 ||    84
  Dodge: Dodged            |    90 |    85 |   182 |   162 |    22 ||   541
  Block: Other             |     1 |    27 |    61 |    34 |     3 ||   126
         Reflection        |       |     2 |     3 |     6 |       ||    11

Table legend: (Time is in decaauts)
 A = Elapsed time spent in this place.
 B = Non-inter-level travel time spent in this place.
 C = Inter-level travel time spent in this place.
 D = Time resting spent in this place.
 E = Time spent auto-exploring this place.
 F = Levels seen in this place.
 G = Mean time per level.
                   A        B        C        D        E       F      G
               +--------+--------+--------+--------+--------+-----+--------+
         Total |  10389 |   9335 |   1054 |    329 |   3176 |  15 |  692.6 |
       Dungeon |   8847 |   7859 |    988 |    273 |   3072 |  12 |  737.2 |
  Orcish Mines |    855 |    790 |     65 |      0 |    103 |   2 |  427.5 |
      Gauntlet |    686 |    686 |      0 |     56 |      0 |   1 |  686.0 |
               +--------+--------+--------+--------+--------+-----+--------+

Top non-repeatable levels by time:
     D:5: 1716 daAuts
    D:10: 1224 daAuts
     D:1: 1130 daAuts
     D:8: 703 daAuts
Gauntlet: 686 daAuts
     D:2: 665 daAuts
     D:3: 638 daAuts
     D:7: 626 daAuts
     D:9: 513 daAuts
     D:4: 493 daAuts
   Orc:1: 468 daAuts
    D:12: 417 daAuts
     D:6: 414 daAuts
   Orc:2: 386 daAuts
    D:11: 302 daAuts
